NCAA
NORTH CAROLINA STATE WOLFPACK @ PITTSBURGH PANTHERS
04/09/2029
 
TOP OF THE 1ST
North Carolina State Wolfpack batting - Pitching for Pittsburgh Panthers : LHP Russ Maule
Pitching: LHP Russ Maule
Batting: LHB Steven Gregory 0-0: Ball
1-0: Called Strike
1-1: Ball
2-1: SINGLE (Flyball, 7LS)
Batting: RHB Chris Seals 0-0: Ball
Steven Gregory steals 2nd base
1-0: Called Strike
1-1: Ground out 6-3 (Groundball, 6)
Steven Gregory to third
Batting: LHB Aaron Atkins 0-0: Called Strike
0-1: Ball
1-1: Ball
2-1: Foul Ball, location: 2F
2-2: Strikes out swinging
Batting: LHB John Fuller 0-0: Ball
1-0: Swinging Strike
1-1: Ball
2-1: Foul Ball, location: 2F
2-2: Foul Ball, location: 2F
2-2: Ball
3-2: Base on Balls
Batting: SHB Dave Williams 0-0: Ball
1-0: Swinging Strike
1-1: Ball
2-1: Foul Ball, location: 2F
2-2: Foul Ball, location: 2F
2-2: Strikes out swinging
Top of the 1st over - 0 runs, 1 hit, 0 errors, 2 left on base; North Carolina State 0 - Pittsburgh 0
BOTTOM OF THE 1ST
Pittsburgh Panthers batting - Pitching for North Carolina State Wolfpack : RHP Chris Miller
Pitching: RHP Chris Miller
Batting: LHB Todd Emery 0-0: Swinging Strike
0-1: Foul Ball, location: 2F
0-2: Ball
1-2: Strikes out swinging
Batting: LHB Dalton Beck 0-0: Called Strike
0-1: Foul Ball, location: 2F
0-2: Ball
1-2: Ball
2-2: Ball
3-2: Base on Balls
Batting: LHB Pablo Garza 0-0: Ball
1-0: Called Strike
1-1: Ball
2-1: Foul Ball, location: 2F
2-2: Strikes out swinging
Batting: LHB Harry Davis 0-0: Called Strike
0-1: Ball
1-1: Ball
2-1: Swinging Strike
2-2: Foul Ball, location: 2F
2-2: Strikes out swinging
Bottom of the 1st over - 0 runs, 0 hits, 0 errors, 1 left on base; North Carolina State 0 - Pittsburgh 0
TOP OF THE 2ND
North Carolina State Wolfpack batting - Pitching for Pittsburgh Panthers : LHP Russ Maule
Batting: LHB Ryan Cook 0-0: Foul Ball, location: 2F
0-1: SINGLE (Flyball, 89S)
Batting: RHB Joe Davis 0-0: Called Strike
0-1: Ball
1-1: Foul Ball, location: 2F
1-2: Strikes out looking
Batting: LHB Stan Miller 0-0: Swinging Strike
0-1: Hit by Pitch
Ryan Cook to second
Batting: LHB Trent Harper 0-0: Grounds into double play, 4-6-3 (Groundball, 4)
Top of the 2nd over - 0 runs, 1 hit, 0 errors, 1 left on base; North Carolina State 0 - Pittsburgh 0
BOTTOM OF THE 2ND
Pittsburgh Panthers batting - Pitching for North Carolina State Wolfpack : RHP Chris Miller
Batting: LHB Ramón Reynoso 0-0: Called Strike
0-1: SINGLE (Flyball, 78S)
Batting: RHB Richard Cardoza 0-0: Ball
1-0: Foul Ball, location: 2F
1-1: Ball
2-1: Foul Ball, location: 2F
2-2: Strikes out looking
Batting: SHB Ward Jacobs 0-0: Ball
1-0: Called Strike
Ramón Reynoso is caught stealing 2nd base
1-1: Called Strike
1-2: Ball
2-2: SINGLE (Flyball, 7S)
Pitching: RHP Chris Crews
Batting: RHB Drew Rice 0-0: Ball
1-0: Ball
2-0: Ball
Wild Pitch!
Ward Jacobs to second
3-0: Called Strike
3-1: Base on Balls
Batting: RHB Dewey Tyree 0-0: Ball
1-0: Ball
2-0: Ball
3-0: Called Strike
3-1: Foul Ball, location: 2F
3-2: Base on Balls
Ward Jacobs to third
Drew Rice to second
Batting: LHB Todd Emery 0-0: Swinging Strike
0-1: Called Strike
0-2: Ball
1-2: Fly out, F8 (Flyball, 8RXD)
Bottom of the 2nd over - 0 runs, 2 hits, 0 errors, 3 left on base; North Carolina State 0 - Pittsburgh 0
TOP OF THE 3RD
North Carolina State Wolfpack batting - Pitching for Pittsburgh Panthers : LHP Russ Maule
Batting: LHB Steven Gregory 0-0: Ball
1-0: SINGLE (Line Drive, 34D)
Batting: RHB Chris Seals 0-0: Ball
Wild Pitch!
Steven Gregory to second
1-0: Fly out, F7 (Flyball, 7S)
Batting: LHB Aaron Atkins 0-0: Ball
1-0: Foul Ball, location: 2F
1-1: Called Strike
1-2: Foul Ball, location: 2F
1-2: Ball
2-2: Ball
3-2: Foul Ball, location: 2F
3-2: Base on Balls
Batting: LHB John Fuller 0-0: Ball
1-0: DOUBLE (Line Drive, 9LM)
Steven Gregory scores
Aaron Atkins to third
Batting: SHB Dave Williams 0-0: Called Strike
0-1: Ball
1-1: Ball
2-1: Foul Ball, location: 2F
2-2: Foul Ball, location: 2F
2-2: Ball
3-2: Fly out, F4 (Line Drive, 4)
Batting: LHB Ryan Cook 0-0: DOUBLE (Line Drive, 89D)
Aaron Atkins scores
John Fuller scores
Batting: RHB Joe Davis 0-0: Ball
1-0: Fly out, F7 (Flyball, 78S)
Top of the 3rd over - 3 runs, 3 hits, 0 errors, 1 left on base; North Carolina State 3 - Pittsburgh 0
BOTTOM OF THE 3RD
Pittsburgh Panthers batting - Pitching for North Carolina State Wolfpack : RHP Chris Crews
Batting: LHB Dalton Beck 0-0: Called Strike
0-1: Fly out, F8 (Flyball, 8LD)
Batting: LHB Pablo Garza 0-0: Ball
1-0: Foul Ball, location: 2F
1-1: Foul Ball, location: 2F
1-2: Ball
2-2: Foul Ball, location: 2F
2-2: Foul Ball, location: 2F
2-2: Ground out 5-3 (Groundball, 56)
Batting: LHB Harry Davis 0-0: Called Strike
0-1: Ball
1-1: Swinging Strike
1-2: Ball
2-2: Foul Ball, location: 2F
2-2: Ball
3-2: Foul Ball, location: 2F
3-2: Base on Balls
Batting: LHB Ramón Reynoso 0-0: Called Strike
0-1: Ball
1-1: Ball
2-1: Ball
3-1: Base on Balls
Harry Davis to second
Batting: RHB Richard Cardoza 0-0: Reached on error, E6 (Groundball, 56)
Harry Davis to third
Ramón Reynoso to second
Batting: SHB Ward Jacobs 0-0: Called Strike
0-1: Called Strike
0-2: Foul Ball, location: 2F
0-2: Foul Ball, location: 2F
0-2: Strikes out looking
Bottom of the 3rd over - 0 runs, 0 hits, 1 error, 3 left on base; North Carolina State 3 - Pittsburgh 0
TOP OF THE 4TH
North Carolina State Wolfpack batting - Pitching for Pittsburgh Panthers : LHP Russ Maule
Batting: LHB Stan Miller 0-0: Fly out, F9 (Flyball, 9)
Batting: LHB Trent Harper 0-0: Ground out 1-3 (Groundball, 15S)
Batting: LHB Steven Gregory 0-0: Ball
1-0: Called Strike
1-1: Ball
2-1: Ball
3-1: Base on Balls
Batting: RHB Chris Seals 0-0: Swinging Strike
0-1: Ball
Steven Gregory steals 2nd base
1-1: Swinging Strike
1-2: Strikes out swinging
Top of the 4th over - 0 runs, 0 hits, 0 errors, 1 left on base; North Carolina State 3 - Pittsburgh 0
BOTTOM OF THE 4TH
Pittsburgh Panthers batting - Pitching for North Carolina State Wolfpack : RHP Chris Crews
Batting: RHB Drew Rice 0-0: Fly out, F7 (Flyball, 7S)
Batting: RHB Dewey Tyree 0-0: Called Strike
0-1: Ball
1-1: Foul Ball, location: 2F
1-2: Foul Ball, location: 2F
1-2: Foul Ball, location: 2F
1-2: Ground out 6-3 (Groundball, 6)
Batting: LHB Todd Emery 0-0: Ball
1-0: Ball
2-0: DOUBLE (Line Drive, 78D)
Batting: LHB Dalton Beck 0-0: Swinging Strike
0-1: Fly out, F9 (Line Drive, 9)
Bottom of the 4th over - 0 runs, 1 hit, 0 errors, 1 left on base; North Carolina State 3 - Pittsburgh 0
TOP OF THE 5TH
North Carolina State Wolfpack batting - Pitching for Pittsburgh Panthers : LHP Russ Maule
Batting: LHB Aaron Atkins 0-0: Called Strike
0-1: Foul Ball, location: 2F
0-2: Ball
1-2: Fly out, F6 (Line Drive, 6)
Batting: LHB John Fuller 0-0: Ball
1-0: Called Strike
1-1: SINGLE (Flyball, 89S)
Batting: SHB Dave Williams 0-0: Called Strike
0-1: Ball
1-1: SINGLE (Line Drive, 78M)
John Fuller to second
Runner from 2nd tries for 3rd, SAFE, throw made to third
Batting: LHB Ryan Cook 0-0: Called Strike
0-1: Ball
1-1: Ball
2-1: Ball
3-1: Base on Balls
Dave Williams to second
Pitching: LHP Fernando Rivera
Batting: RHB Joe Davis 0-0: Ball
1-0: Ball
Wild Pitch!
John Fuller scores
Dave Williams to third
Ryan Cook to second
2-0: Foul Ball, location: 2F
2-1: Ball
3-1: Base on Balls
Batting: LHB Stan Miller 0-0: Ball
1-0: Ball
2-0: Called Strike
2-1: Grounds into double play, 6-4-3 (Groundball, 6)
Top of the 5th over - 1 run, 2 hits, 0 errors, 2 left on base; North Carolina State 4 - Pittsburgh 0
BOTTOM OF THE 5TH
Pittsburgh Panthers batting - Pitching for North Carolina State Wolfpack : RHP Chris Crews
Batting: LHB Pablo Garza 0-0: Called Strike
0-1: Called Strike
0-2: Foul Ball, location: 2F
0-2: Ground out 4-3 (Groundball, 4)
Batting: LHB Harry Davis 0-0: Ball
1-0: Called Strike
1-1: Ball
2-1: Hit by Pitch
Pitching: RHP Shawn Shipe
Batting: LHB Ramón Reynoso 0-0: Foul Ball, location: 2F
0-1: Foul Ball, location: 2F
0-2: Strikes out swinging
Batting: RHB Richard Cardoza 0-0: Called Strike
0-1: Ball
1-1: Swinging Strike
1-2: Foul Ball, location: 2F
1-2: Ball
2-2: Foul Ball, location: 2F
2-2: Foul Ball, location: 2F
2-2: Foul Ball, location: 2F
2-2: Fly out, F8 (Flyball, 8LS)
Bottom of the 5th over - 0 runs, 0 hits, 0 errors, 1 left on base; North Carolina State 4 - Pittsburgh 0
TOP OF THE 6TH
North Carolina State Wolfpack batting - Pitching for Pittsburgh Panthers : LHP Fernando Rivera
Batting: LHB Trent Harper 0-0: Fly out, F9 (Flyball, 89M)
Batting: LHB Steven Gregory 0-0: Swinging Strike
0-1: Foul Ball, location: 2F
0-2: SINGLE (Line Drive, 6MD)
Batting: RHB Chris Seals 0-0: Ball
1-0: Ball
2-0: Ball
3-0: Called Strike
3-1: Foul Ball, location: 2F
3-2: Ground out U3 (Groundball, 3)
Steven Gregory to second
Batting: LHB Aaron Atkins 0-0: Called Strike
0-1: Called Strike
0-2: Strikes out swinging
Top of the 6th over - 0 runs, 1 hit, 0 errors, 1 left on base; North Carolina State 4 - Pittsburgh 0
BOTTOM OF THE 6TH
Pittsburgh Panthers batting - Pitching for North Carolina State Wolfpack : RHP Shawn Shipe
Batting: SHB Ward Jacobs 0-0: Ball
1-0: Ball
2-0: Foul Ball, location: 2F
2-1: Ball
3-1: Fly out, F8 (Flyball, 8RD)
Batting: RHB Drew Rice 0-0: Ball
1-0: Foul Ball, location: 2F
1-1: Swinging Strike
1-2: Strikes out swinging
Batting: RHB Dewey Tyree 0-0: Ball
1-0: SINGLE (Groundball, 56D)
Batting: LHB Todd Emery 0-0: Foul Ball, location: 2F
Pickoff Throw to First - Error! E1
Dewey Tyree to second
0-1: Ball
1-1: Ball
2-1: Foul Ball, location: 2F
2-2: Strikes out swinging
Bottom of the 6th over - 0 runs, 1 hit, 1 error, 1 left on base; North Carolina State 4 - Pittsburgh 0
TOP OF THE 7TH
North Carolina State Wolfpack batting - Pitching for Pittsburgh Panthers : LHP Fernando Rivera
Batting: LHB John Fuller 0-0: Ball
1-0: Called Strike
1-1: Swinging Strike
1-2: Ball
2-2: Foul Ball, location: 2F
2-2: Foul Ball, location: 2F
2-2: SINGLE (Flyball, 8LS)
Batting: SHB Dave Williams 0-0: Ball
1-0: Ball
2-0: Ball
3-0: Base on Balls
John Fuller to second
Batting: LHB Ryan Cook 0-0: Called Strike
0-1: Ball
1-1: Ball
2-1: Foul Ball, location: 2F
2-2: Fly out, F4 (Line Drive, 4)
Lined into DP, 4-6 (Line Drive, 4)
Batting: RHB Joe Davis 0-0: Ball
1-0: Foul Ball, location: 2F
1-1: Fielders Choice at 2nd, 6-4 (Groundball, 6)
Top of the 7th over - 0 runs, 1 hit, 0 errors, 1 left on base; North Carolina State 4 - Pittsburgh 0
BOTTOM OF THE 7TH
Pittsburgh Panthers batting - Pitching for North Carolina State Wolfpack : RHP Shawn Shipe
Batting: LHB Dalton Beck 0-0: Ball
1-0: Called Strike
1-1: Swinging Strike
1-2: Fly out, F9 (Flyball, 9S)
Batting: LHB Pablo Garza 0-0: Called Strike
0-1: SINGLE (Groundball, 4MD)
Batting: LHB Harry Davis 0-0: Called Strike
0-1: Ball
1-1: Fly out, F7 (Flyball, 7)
Batting: LHB Ramón Reynoso 0-0: Called Strike
Pablo Garza steals 2nd base
0-1: Fly out, F8 (Flyball, 8LM)
Bottom of the 7th over - 0 runs, 1 hit, 0 errors, 1 left on base; North Carolina State 4 - Pittsburgh 0
TOP OF THE 8TH
North Carolina State Wolfpack batting - Pitching for Pittsburgh Panthers : LHP Fernando Rivera
Batting: LHB Stan Miller 0-0: Hit by Pitch
Batting: LHB Trent Harper 0-0: Ball
1-0: Sac Bunt - play at second, runner OUT! 1-6
Batting: LHB Steven Gregory 0-0: Fielders Choice at 2nd, 3-6 (Groundball, 34)
Batting: RHB Chris Seals 0-0: Called Strike
0-1: Ball
1-1: Foul Ball, location: 2F
1-2: Ball
2-2: Strikes out swinging
Top of the 8th over - 0 runs, 0 hits, 0 errors, 1 left on base; North Carolina State 4 - Pittsburgh 0
BOTTOM OF THE 8TH
Pittsburgh Panthers batting - Pitching for North Carolina State Wolfpack : RHP Shawn Shipe
Batting: RHB Richard Cardoza 0-0: Ball
1-0: Called Strike
1-1: Ball
2-1: Ball
3-1: Base on Balls
Batting: SHB Ward Jacobs 0-0: Called Strike
0-1: Ball
1-1: Ball
2-1: Ball
3-1: Foul Ball, location: 2F
3-2: Foul Ball, location: 2F
3-2: Base on Balls
Richard Cardoza to second
Batting: RHB Drew Rice 0-0: Called Strike
0-1: Ball
1-1: Hit by Pitch
Richard Cardoza to third
Ward Jacobs to second
Batting: RHB Dewey Tyree 0-0: Ball
1-0: Ball
2-0: Called Strike
2-1: Called Strike
2-2: Ball
3-2: Foul Ball, location: 2F
3-2: Strikes out swinging
Pitching: LHP Brian Armstrong
Batting: LHB Todd Emery 0-0: Called Strike
0-1: Ball
1-1: Ball
2-1: Foul Ball, location: 2F
2-2: Strikes out swinging
Batting: LHB Dalton Beck 0-0: Called Strike
0-1: Called Strike
0-2: Foul Ball, location: 2F
0-2: Strikes out swinging
Bottom of the 8th over - 0 runs, 0 hits, 0 errors, 3 left on base; North Carolina State 4 - Pittsburgh 0
TOP OF THE 9TH
North Carolina State Wolfpack batting - Pitching for Pittsburgh Panthers : LHP Fernando Rivera
Batting: LHB Aaron Atkins 0-0: Called Strike
0-1: Ball
1-1: Called Strike
1-2: Foul Ball, location: 2F
1-2: SINGLE (Flyball, 7LS)
Batting: LHB John Fuller 0-0: Fly out, F3 (Line Drive, 3)
Lined into DP, U3 (Line Drive, 3)
Pitching: RHP Carter Mortensen
Batting: SHB Dave Williams 0-0: Ball
1-0: Ball
2-0: Ball
3-0: Called Strike
3-1: Fly out, F9 (Flyball, 9LD)
Top of the 9th over - 0 runs, 1 hit, 0 errors, 0 left on base; North Carolina State 4 - Pittsburgh 0
BOTTOM OF THE 9TH
Pittsburgh Panthers batting - Pitching for North Carolina State Wolfpack : LHP Brian Armstrong
Batting: LHB Pablo Garza 0-0: Called Strike
0-1: Called Strike
0-2: Foul Ball, location: 2F
0-2: Foul Ball, location: 2F
0-2: Ball
1-2: Strikes out swinging
Batting: LHB Harry Davis 0-0: Ball
1-0: Ball
2-0: Foul Ball, location: 2F
2-1: Ball
3-1: Called Strike
3-2: Strikes out swinging
Batting: LHB Ramón Reynoso 0-0: Called Strike
0-1: Ball
1-1: Ball
2-1: Ground out 6-3 (Groundball, 6)
Bottom of the 9th over - 0 runs, 0 hits, 0 errors, 0 left on base; North Carolina State 4 - Pittsburgh 0
Saturday, December 16th, 2017 - OOTP Baseball 18.8 Build 76